 Dungeon Crawl Stone Soup version 0.24-a0-769-g368c1644f8 (webtiles) character file.

Game seed: 4487643731472858724, levelgen mode: deterministic

4333 thelollipopguild the Cleaver (level 10, -4/91 HPs)
             Began as a Hill Orc Fighter on Oct 6, 2019.
             Was a Follower of Beogh.
             Killed by nerve-wracking pain
             ... invoked by an orc priest
              (11 damage)
             ... on level 9 of the Dungeon.
             The game lasted 01:48:17 (11899 turns).

thelollipopguild the Cleaver (Hill Orc Fighter)    Turns: 11899, Time: 01:48:19

Health: -4/91      AC: 18    Str: 17 (20) XL:     10   Next: 33%
Magic:  19/19      EV:  4    Int:  8 (9)  God:    Beogh [*.....]
Gold:   365        SH: 10    Dex:  8 (10) Spells: 9/9 levels left

rFire    . . .     SeeInvis .   a - +0 war axe
rCold    . . .     Gourm    .   c - +0 shield
rNeg     . . .     Faith    .   H - +0 plate armour
rPois    .         Spirit   .   J - +0 helmet
rElec    .         Reflect  .   (no cloak)
rCorr    .         Harm     .   q - +0 pair of gloves
MR       .....                  (no boots)
Stlth    ..........             (no amulet)
HPRegen  0.25/turn              O - ring of magical power
MPRegen  0.16/turn              (no ring)

@: no status effects
A: thin metallic scales 1, weak 1
a: Renounce Religion


You were on level 9 of the Dungeon.
You worshipped Beogh.
Beogh was aware of your devotion.
You were not hungry.

You visited 1 branch of the dungeon, and saw 9 of its levels.
You also visited: Ossuary.

You collected 365 gold pieces.

Inventory:

Hand Weapons
 a - a +0 war axe (weapon)
 k - a +0 trident
 m - a +0 quarterstaff
 v - a +0 falchion of draining
 y - a +1 whip of pain
 B - a +0 flail of venom
 I - a +0 trident
 K - a +0 trident
 M - a +0 trident
Missiles
 o - 12 boomerangs (quivered)
Armour
 b - a +0 scale mail
 c - a +0 shield (worn)
 q - a +0 pair of gloves (worn)
 H - a +0 plate armour (worn)
 J - a +0 helmet (worn)
Jewellery
 x - an uncursed amulet of the gourmand
 O - a ring of magical power (left hand)
Wands
 e - a wand of digging (5)
 n - a wand of flame (6)
 N - a wand of polymorph (6)
Scrolls
 h - a scroll of magic mapping
 i - 5 scrolls of amnesia
 j - 7 scrolls of remove curse
 r - 3 scrolls of enchant armour {unknown}
 z - a scroll of immolation {unknown}
 G - 2 scrolls of holy word {unknown}
 L - a scroll of fog {unknown}
Potions
 d - 4 potions of flight
 C - 4 potions of brilliance
 D - a potion of magic
 E - 2 potions of ambrosia {unknown}
 F - a potion of resistance {unknown}
Comestibles
 f - 8 rations


   Skills:
 + Level 9.1 Fighting
 + Level 10.4 Axes
 + Level 8.6 Armour
 - Level 1.2 Dodging
 - Level 1.3 Stealth
 + Level 8.3 Shields


You had 9 spell levels left.
You didn't know any spells.
Your spell library was empty.

Dungeon Overview and Level Annotations

Branches:
Dungeon (9/15)             Temple (0/1) D:6         Ossuary (visited)
   Lair: D:8-11         Orc: D:9-12

Altars:
Cheibriados
Qazlal
Vehumet
Xom

Shops:
D:6 %


Innate Abilities, Weirdness & Mutations

You are partially covered in thin metallic scales. (AC +2)
You are weak. (Str -2)


Message History

The yak barely misses you. The yak gores you but does no damage.
You see here a scroll of identify.
There is a stone staircase leading down here.
The wyvern zombie bites you.
* * * LOW HITPOINT WARNING * * *
The yak gores you but does no damage.
You climb downwards.
The yak bellows! x2; The orc wizard shouts!
The orc priest shouts!
The orc shouts!
The orc wizard hits you but does no damage.
The orc priest hits you but does no damage.
There is a stone staircase leading up here.
The crimson imp shouts!
The yak gores you but does no damage.
The orc wizard hits you but does no damage.
The orc priest invokes the aid of Beogh against you.
Pain shoots through your body!
You die...
Beogh appreciates the orc priest's killing of a heretic priest.

########################
..............YY...5...#
........#####Yo#########
.......(# #o.# ........#
#..#
........#####..#########
..............YY@o.....#
...............ooY.....#
........#####...[.Y....#
........# #..Y.......#
######..# #..........#
..# #..........# .#
#......5...# .
...........# ...}.....


You could see 5 yaks, an orc priest, an orc wizard, a crimson imp and an orc.

Vanquished Creatures
  A two-headed ogre (D:9)
  2 trolls
  A spriggan (D:7)
  Eustachio (D:6)
  4 yaks (D:8)
  Menkaure (D:6)
  Edmund (D:4)
  2 ice beasts (D:7)
  A phantom (D:5)
  2 ogres
  A centaur (D:9)
  A big kobold (D:7)
  3 bullfrogs
  2 elf zombies (Ossuary)
  A scorpion (D:9)
  6 killer bees
  3 howler monkeys
  3 bullfrog zombies
  3 hounds
  A bullfrog skeleton (D:6)
  A human zombie (Ossuary)
  An orc priest (D:7)
  6 orc wizards
  Natasha (D:2)
  Terence (D:2)
  2 worker ants
  A killer bee zombie (D:7)
  2 mummies (Ossuary)
  7 adders
  2 adder zombies (Ossuary)
  5 worms
  2 dart slugs
  4 leopard geckos
  16 orcs
  A ball python (D:5)
  4 bats
  5 giant cockroaches
  13 goblins
  7 hobgoblins
  3 jackals
  7 quokkas
  9 frilled lizards
  A goblin zombie (Ossuary)
  7 hobgoblin zombies (Ossuary)
  A jackal zombie (D:5)
  16 kobolds
  11 kobold zombies (Ossuary)
  8 orc zombies (Ossuary)
  A quokka zombie (D:7)
  5 rats
  4 rat zombies (Ossuary)
194 creatures vanquished.

Vanquished Creatures (others)
  An orc wizard (D:7)
  An orc priest (D:7)
  3 orcs (D:7)
5 creatures vanquished.

Grand Total: 199 creatures vanquished

Notes
Turn   | Place    | Note
-------+----------+-------------------------------------------
     0 | D:1      | thelollipopguild the Hill Orc Fighter began the quest for
                  | the Orb.
     0 | D:1      | Reached XP level 1. HP: 19/19 MP: 1/1
   282 | D:1      | Reached XP level 2. HP: 27/27 MP: 2/2
  1216 | D:2      | Reached XP level 3. HP: 32/33 MP: 3/3
  1373 | D:2      | Noticed Terence
  1379 | D:2      | Reached skill level 3 in Axes
  1408 | D:2      | Killed Terence
  1408 | D:2      | Reached XP level 4. HP: 12/40 MP: 4/4
  2558 | D:2      | Noticed Natasha
  2563 | D:2      | Killed Natasha
  2563 | D:2      | Reached skill level 4 in Axes
  2563 | D:2      | Reached XP level 5. HP: 41/47 MP: 5/5
  3007 | D:3      | Reached skill level 1 in Dodging
  4345 | D:4      | Noticed Edmund
  4357 | D:4      | Killed Edmund
  4357 | D:4      | Reached skill level 1 in Stealth
  4357 | D:4      | Reached XP level 6. HP: 32/53 MP: 6/6
  4374 | D:4      | Reached skill level 5 in Axes
  4635 | D:5      | Entered Level 5 of the Dungeon
  5051 | D:5      | Found a sand-covered staircase.
  5065 | D:5      | Found a glowing drain.
  5075 | Ossuary  | Entered an ossuary
  5415 | Ossuary  | Reached skill level 6 in Axes
  5415 | Ossuary  | Reached XP level 7. HP: 49/60 MP: 7/7
  5501 | Ossuary  | Reached skill level 5 in Fighting
  5592 | Ossuary  | Reached skill level 5 in Armour
  6020 | D:6      | Found a shimmering altar of Xom.
  6185 | D:6      | Reached skill level 7 in Axes
  6185 | D:6      | Reached skill level 5 in Shields
  6257 | D:6      | Found a staircase to the Ecumenical Temple.
  6269 | D:6      | Found a snail-covered altar of Cheibriados.
  6306 | D:6      | Reached XP level 8. HP: 69/69 MP: 8/8
  6331 | D:6      | Noticed Menkaure
  6339 | D:6      | Killed Menkaure
  6347 | D:6      | Found Cozuosa's Food Shop.
  6360 | D:6      | Noticed Eustachio
  6416 | D:6      | Killed Eustachio
  7633 | D:7      | Reached skill level 8 in Axes
  8281 | D:7      | Became a worshipper of Beogh the Brigand
  8291 | D:7      | Reached XP level 9. HP: 79/79 MP: 9/9
  9475 | D:7      | Reached skill level 9 in Axes
  9919 | D:9      | Found a stormy altar of Qazlal.
 10221 | D:9      | Noticed a two-headed ogre
 10239 | D:9      | Killed a two-headed ogre
 10257 | D:9      | Reached * piety under Beogh
 10409 | D:9      | Noticed a troll
 10449 | D:8      | Killed a troll
 10449 | D:8      | Reached XP level 10. HP: 29/90 MP: 10/10
 10753 | D:9      | Reached skill level 10 in Axes
 11402 | D:8      | HP: 4/90 [poisoned by a killer bee]
 11407 | D:8      | Gained mutation: You are weak. (Str -2) [potion of
                  | mutation]
 11407 | D:8      | Gained mutation: You are partially covered in thin metallic
                  | scales. (AC +2) [potion of mutation]
 11407 | D:8      | HP: 1/90 [poisoned by a killer bee]
 11846 | D:8      | Found a radiant altar of Vehumet.
 11880 | D:8      | HP: 4/91 [yak (7)]
 11899 | D:9      | Killed from afar by an orc priest

Levels and vault maps discovered:
D:1:      dpeg_arrival_boxes_within_box, layout_basic
D:2:      minmay_inner_zag, layout_basic, chequers_serial_rivers_large_b,
          uniq_natasha, uniq_terence
D:3:      layout_basic, minivault_5
D:4:      layout_basic, first_ration, st_stairs_4, uniq_blork_the_orc,
          uniq_edmund, uniq_pikel
D:5:      layout_cave_pools, enter_ossuary_3, cheibrodos_sewer_entry_sluice
D:6:      layout_loops_ring, minmay_temple_entry_glassed_door, serial_shops,
          shop, basic_altar, xom_teletrap_fun, uniq_menkaure, uniq_eustachio
D:7:      layout_basic, the_bakery, chequers_garden,
          chequers_serial_rivers_micro_e
D:8:      layout_basic, basic_altar, uniq_maurice
D:9:      layout_small_grid, marbit_many_paths, erik_orc_1, st_stairs_11,
          nicolae_qazlal_style_of_elements

Skill      XL: |  1  2  3  4  5  6  7  8  9 10 |
---------------+-------------------------------+-----
Fighting       | 4 5 7 8 9 |  9.1
Axes           | 3 4 6 7 8 9 10 | 10.4
Armour         | 4 5 6 8 |  8.6
Shields        | 4 5 6 7 8 |  8.3
Dodging        | 1 |  1.2
Stealth        | 1 |  1.3

Action                   |  1- 3 |  4- 6 |  7- 9 | 10-12 || total
-------------------------+-------+-------+-------+-------++-------
Melee: War axe           |    88 |   336 |   438 |    53 ||   915
       Falchion          |       |       |       |    20 ||    20
Invok: Convert to Beogh  |       |       |     1 |       ||     1
Evoke: Wand              |       |     2 |    17 |     8 ||    27
  Use: Potion            |     1 |       |     6 |     5 ||    12
       Scroll            |       |    13 |     6 |     5 ||    24
 Stab: Paralysed         |       |       |     7 |       ||     7
  Eat: Ration            |     1 |     2 |     5 |     2 ||    10
       Chunk             |       |     4 |       |       ||     4
Armor: Scale mail        |    34 |   139 |   191 |       ||   364
       Plate armour      |       |       |       |    96 ||    96
Dodge: Dodged            |    39 |   112 |   168 |    32 ||   351
Block: Shield            |    59 |   174 |   281 |    86 ||   600
       Rpst.: Falchion   |       |       |       |     3 ||     3

Table legend:
 A = Non-vault XP
 B = Vault XP
 C = Vault XP percentage of total XP
 D = Non-vault monster count
 E = Vault monster count
 F = Vault count percentage of total count
                 A         B        C        D         E       F
            +---------+---------+-------+---------+---------+-------
      Total |    4999 |    1192 |  19.3 |     140 |      54 |  27.8
            +---------+---------+-------+---------+---------+-------
        D:1 |      30 |       0 |   0.0 |      17 |       0 |   0.0
        D:2 |      84 |      80 |  48.8 |      28 |       7 |  20.0
        D:3 |      63 |       0 |   0.0 |      21 |       0 |   0.0
        D:4 |      37 |     158 |  81.0 |       3 |       1 |  25.0
        D:5 |     283 |       8 |   2.7 |       8 |       3 |  27.3
        D:6 |     463 |     374 |  44.7 |      14 |       2 |  12.5
        D:7 |     959 |     205 |  17.6 |      24 |       1 |   4.0
        D:8 |    1314 |       0 |   0.0 |       8 |       0 |   0.0
        D:9 |    1766 |      53 |   2.9 |      17 |       2 |  10.5
    Ossuary |       0 |     314 | 100.0 |       0 |      38 | 100.0
            +---------+---------+-------+---------+---------+-------
